AoeStats
← DigitalJo4

Arena

510535145Analyzed
1v1 RM · 1d ago on Oct 1, 2026· 44m 9s· 2 players
Game mode
Random Map
Map size
Tiny (2 player)
Population
200
Speed
Normal
Resources
Standard
Victory
Conquest
Starting age
Dark Age
Ending age
Imperial Age
RankedLock teamsTeams togetherTeam positionsShared explorationLock speedFull tech treeHidden civsTurbo modeCheats
Victory
Defeat
🇬🇷 Goths · Greece
723
+18
🇫🇷 Bulgarians · France
758
-18
DigitalJo4
12:23 Feudal Age
13:05 Double-Bit Axe
13:02 Horse Collar
17:15 Castle Age
15:12 Man-at-Arms
16:36 Forging
16:28 Scale Mail Armor
18:14 Heavy Plow
18:25 Bow Saw
18:35 Long Swordsman
19:49 Squires
21:22 Iron Casting
22:49 Stone Mining
25:41 Chain Mail Armor
28:51 Wheelbarrow
28:01 Town Watch
34:19 Imperial Age
32:38 Anarchy
34:29 Two-Handed Swordsman
38:22 Conscription
39:31 Blast Furnace
38:49 Elite Huskarl
42:20 Chemistry
sorgini
10:08 Feudal Age
11:10 Double-Bit Axe
12:12 Horse Collar
16:09 Forging
16:00 Scale Mail Armor
20:44 Castle Age
24:06 Gambesons
24:25 Squires
26:24 Iron Casting
27:13 Pikeman
38:24 Imperial Age
37:15 Arson
40:31 Blast Furnace
40:23 Chain Mail Armor
Connection lost

Rejoining the realm…

Still unreachable

The connection could not be restored.

Session expired

The server has moved on; the page needs a fresh start.